 Dungeon Crawl Stone Soup version 0.31-a0-221-gbddc013574 (webtiles) character file.

Game seed: 10129356533818967536

1015 qw the Skirmisher (level 8, -9/68 HPs)
             Began as a Minotaur Hexslinger on July 3, 2023.
             Mangled by an orc
             ... wielding a +0 falchion
              (15 damage)
             ... on level 5 of the Dungeon.
             The game lasted 00:01:48 (4603 turns).

qw the Skirmisher (Minotaur Hexslinger)             Turns: 4603, Time: 00:01:48

Health: -9/68      AC:  5    Str: 17    XL:     8   Next: 1%
Magic:  2/2        EV:  2    Int: 10    God:
Gold:   309        SH:  0    Dex: 14    Spells: 8/9 levels left

rFire   + . .        c - +3 orcbow of Xeurykhioj {antimagic, Str+3}
rCold   . . .        (shield currently unavailable)
rNeg    . . .        b - +0 ring mail
rPois   .            (helmet restricted)
rElec   .            (no cloak)
rCorr   .            (no gloves)
SInv    .            (no boots)
Will    .....        (no amulet)
Stlth   +            e - ring of protection from fire
HPRegen 0.31/turn    (no ring)
MPRegen 0.08/turn

%: no passive effects
@: sleeping
A: horns 2, retaliatory headbutt
a: no special abilities


You were on level 5 of the Dungeon.
You visited 1 branch of the dungeon, and saw 5 of its levels.

You collected 309 gold pieces.


Innate Abilities, Weirdness & Mutations

You have a pair of horns on your head.
You reflexively headbutt those who attack you in melee.


   Skills:
 - Level 5.0 Fighting
 - Level 9.0 Ranged Weapons
 - Level 1.0 Armour
 + Level 2.8 Dodging
 - Level 1.0 Spellcasting
 - Level 2.0 Hexes


You had 8 spell levels left.
You knew the following spells:

 Your Spells              Type           Power      Damage    Failure   Level
a - Slow                  Hex            16%        N/A       28%         1

Your spell library contained the following spells:

 Spells                   Type           Power      Damage    Failure   Level
 Inner Flame              Hex/Fire       2%         N/A       77%         3
 Portal Projectile        Hex/Tloc       4%         N/A       77%         3
 Cause Fear               Hex            2%         N/A       95%         4

Inventory:

Hand Weapons
 c - the +3 orcbow of Xeurykhioj (weapon) {antimagic, Str+3}
   (You acquired it on level 2 of the Dungeon)

   Str:       It affects your strength (+3).
Armour
 b - a +0 ring mail (worn)
Jewellery
 e - a ring of protection from fire (left hand)
Scrolls
 a - a scroll of identify
 h - 3 scrolls of enchant armour
Potions
 d - a potion of might
 i - a potion of enlightenment {unknown}

Dungeon Overview and Level Annotations

Branches:
Dungeon (5/15)
 Temple: D:4-7

Altars:
Makhleb
Uskayaw

Annotations:
D:2 1 runed translucent door, Crazy Yiuf
D:5 exclusion: gnoll sergeant, Prince Ribbit


Message History

You shoot an arrow. The arrow hits Prince Ribbit!
Prince Ribbit's magic leaks into the air.
Prince Ribbit is moderately wounded.
Prince Ribbit hits you. The sleepcap barely misses you.
You furiously retaliate!
You headbutt the sleepcap! You shoot an arrow. The arrow hits Prince Ribbit.
Prince Ribbit's magic leaks into the air.
Prince Ribbit is heavily wounded.
Prince Ribbit hits you but does no damage.
The sleepcap closely misses you. You furiously retaliate!
You headbutt the sleepcap. Prince Ribbit hits you!
You shoot an arrow.
The arrow completely misses Prince Ribbit.
Prince Ribbit falters for a moment.
The sleepcap barely misses you.
Prince Ribbit falters for a moment.
You shoot an arrow. The arrow barely misses Prince Ribbit.
The sleepcap closely misses you.
A gnoll comes into view. It is wielding a +0 halberd.
Prince Ribbit barely misses you.
4601 ||| Stepping ~*~*~tactically~*~*~ (outnumbered).
Prince Ribbit attacks as you move away! Prince Ribbit hits you!
Prince Ribbit hits you.
You shoot an arrow. The arrow hits the sleepcap!
The sleepcap is almost destroyed.
The orc hits you but does no damage.
The gnoll bouda barks out a call to the hunt!
The gnolls pick up the pace!
The sleepcap releases spores at you but does no damage.
Prince Ribbit hits you! The orc barely misses you.
The sleepcap closely misses you.
You hear a shout! x2
4603 ||| DRINKING potion of heal wounds.
You feel much better.
You hear a shout!
Prince Ribbit hits you!
Prince Ribbit falters for a moment.
The orc hits you from afar with a +0 trident.
The sleepcap releases spores at you.
You are engulfed in a cloud of soporific spores!
You fall asleep.
The orc hits you with a +0 falchion!
You die...

#...#...#...#...#'.#
#.##...#
.............%.....#
#.##...####
#...#...#...#...#..#
#.##...#...
................(#.#
#.##...#.#.
##################.#
#.#....#.#( #
####.##.####.#.#....#. #
#....##.#.........###.
#..of.#...##.#........
##.ggF@#......#########
...).g.o......#.........#
....#####.....#.#######.#
... #.....#.#.......# ..
##....#.#.####### g
###......#.# .
........#.#
..######.#...>#.#
.............<#.###


You could see Prince Ribbit (magic disrupted), a sleepcap, a gnoll bouda, 2
gnolls and 2 orcs.

Vanquished Creatures
  Menkaure (D:5)
  A sky beast (D:4)
  A black bear (D:4)
  An ogre (D:4)
  A bullfrog (D:5)
  A gnoll sergeant (D:5)
  2 scorpions (D:5)
  A hound (D:5)
  A jelly (D:5)
  3 iguanas
  Terence (D:2)
  3 gnolls (D:5)
  9 adders
  A shadow imp (D:5)
  3 worms
  6 dart slugs
  2 orcs
  7 ball pythons
  6 bats
  10 endoplasms
  4 giant cockroaches
  6 goblins
  9 hobgoblins
  5 jackals (D:2)
  A quokka (D:1)
  8 frilled lizards
  10 kobolds
  7 rats
111 creatures vanquished.

Notes
Turn   | Place    | Note
-------+----------+-------------------------------------------
     0 | D:1      | qw the Minotaur Hexslinger began the quest for the Orb.
     0 | D:1      | Reached XP level 1. HP: 16/16 MP: 1/1
     0 | D:1      | 0 ||| qw: Version: 0.3-a-40-ge99b1a8
     0 | D:1      | 0 ||| qw: Game counter: 512
     0 | D:1      | 0 ||| qw: Melee chars always use a shield: true
     0 | D:1      | 0 ||| qw: God list: Okawaru
     0 | D:1      | 0 ||| qw: Allow faded altars: false
     0 | D:1      | 0 ||| qw: Do Orc after clearing Dungeon:15 true
     0 | D:1      | 0 ||| qw: Do second Lair branch before Depths: true
     0 | D:1      | 0 ||| qw: Lair rune preference: random
     0 | D:1      | 0 ||| qw: Goals: Normal
     0 | D:1      | 0 ||| PLANNING D:1-11
   193 | D:1      | Reached skill level 3 in Ranged Weapons
   193 | D:1      | Reached XP level 2. HP: 23/23 MP: 2/2
   615 | D:1      | 615 ||| UPGRADING to ring of protection from fire.
   616 | D:1      | 616 ||| READING 3 scrolls labelled VYZYERE WELORHAV.
   617 | D:1      | 617 ||| READING scroll labelled NIV AHETASS.
   618 | D:1      | 618 ||| DROPPING scroll of poison.
   674 | D:2      | Reached XP level 3. HP: 29/29 MP: 3/3
   726 | D:2      | 726 ||| Stepping ~*~*~tactically~*~*~ (outnumbered).
   962 | D:2      | 962 ||| FLEEEEING.
   963 | D:2      | 963 ||| FLEEEEING.
   964 | D:2      | 964 ||| FLEEEEING.
   965 | D:2      | 965 ||| FLEEEEING.
   966 | D:2      | 966 ||| FLEEEEING.
   968 | D:2      | Reached skill level 4 in Ranged Weapons
  1027 | D:2      | Noticed Terence
  1032 | D:2      | Killed Terence
  1033 | D:2      | Reached XP level 4. HP: 36/36 MP: 4/4
  1697 | D:2      | Found a runed translucent door.
  1698 | D:2      | Noticed Crazy Yiuf
  1908 | D:2      | 1908 ||| UPGRADING to +0 ring mail.
  1918 | D:2      | 1918 ||| DROPPING +0 robe.
  1919 | D:2      | 1919 ||| READING scroll labelled USORIOMAFU.
  1920 | D:2      | 1920 ||| READING scroll labelled YKHLITU QOUZU.
  1920 | D:2      | Identified a scroll of acquirement
  1920 | D:2      | 1920 ||| ACQUIRING +3 orcbow of Xeurykhioj {antimagic,
                  | Str+3}
  1920 | D:2      | Acquired the +3 orcbow of Xeurykhioj {antimagic, Str+3}
  1922 | D:2      | 1922 ||| SWAPPING to +3 orcbow of Xeurykhioj {antimagic,
                  | Str+3}.
  1923 | D:2      | 1923 ||| DROPPING +1 sling.
  1924 | D:2      | 1924 ||| READING 4 scrolls of identify.
  1924 | D:2      | 1924 ||| IDENTIFYING grey potion
  1925 | D:2      | 1925 ||| DROPPING potion of brilliance.
  1967 | D:3      | 1967 ||| STAIRDANCE
  1971 | D:2      | Reached skill level 1 in Armour
  1974 | D:2      | Reached skill level 5 in Ranged Weapons
  2337 | D:3      | Reached skill level 3 in Fighting
  2337 | D:3      | Reached XP level 5. HP: 45/45 MP: 1/5
  2694 | D:3      | 2694 ||| READING scroll labelled EGAJUN VURAIRI.
  2770 | D:3      | 2770 ||| READING 4 scrolls of identify.
  2770 | D:3      | 2770 ||| IDENTIFYING fuming orange potion
  2771 | D:3      | 2771 ||| READING 3 scrolls of identify.
  2771 | D:3      | 2771 ||| IDENTIFYING viscous green potion
  2772 | D:3      | 2772 ||| READING 2 scrolls of identify.
  2772 | D:3      | 2772 ||| IDENTIFYING glowing cyan potion
  2773 | D:3      | 2773 ||| DROPPING potion of invisibility.
  2774 | D:3      | 2774 ||| DROPPING potion of degeneration.
  3082 | D:4      | Noticed a sky beast
  3082 | D:4      | Noticed an ogre
  3087 | D:4      | Killed an ogre
  3088 | D:4      | Reached skill level 6 in Ranged Weapons
  3091 | D:4      | Killed a sky beast
  3092 | D:4      | Reached XP level 6. HP: 45/53 MP: 2/6
  3684 | D:4      | Found a hide-covered altar of Uskayaw.
  3818 | D:4      | 3818 ||| READING 3 scrolls labelled ABEICOA IJUITT.
  3819 | D:4      | 3819 ||| READING scroll labelled DIECUO PEINOU.
  3820 | D:4      | 3820 ||| READING scroll labelled QERGHE RAON.
  3821 | D:4      | 3821 ||| READING scroll labelled NOVVEBERHA.
  3822 | D:4      | 3822 ||| READING scroll labelled BOKEUBI GELE.
  3823 | D:4      | 3823 ||| READING 2 scrolls of identify.
  3823 | D:4      | 3823 ||| IDENTIFYING emerald potion
  3841 | D:5      | Entered Level 5 of the Dungeon
  3841 | D:5      | Noticed Menkaure
  3845 | D:5      | Killed Menkaure
  3846 | D:5      | Reached skill level 7 in Ranged Weapons
  3846 | D:5      | Reached XP level 7. HP: 60/60 MP: 2/7
  3882 | D:5      | 3882 ||| Stepping ~*~*~tactically~*~*~ (outnumbered).
  3900 | D:5      | Reached skill level 8 in Ranged Weapons
  4273 | D:5      | 4273 ||| FLEEEEING.
  4276 | D:5      | 4276 ||| FLEEEEING.
  4277 | D:5      | 4277 ||| FLEEEEING.
  4278 | D:5      | 4278 ||| FLEEEEING.
  4279 | D:5      | 4279 ||| FLEEEEING.
  4280 | D:5      | 4280 ||| FLEEEEING.
  4281 | D:5      | 4281 ||| FLEEEEING.
  4282 | D:5      | 4282 ||| FLEEEEING.
  4283 | D:5      | 4283 ||| FLEEEEING.
  4284 | D:5      | 4284 ||| FLEEEEING.
  4285 | D:5      | 4285 ||| FLEEEEING.
  4287 | D:5      | 4287 ||| FLEEEEING.
  4288 | D:5      | 4288 ||| FLEEEEING.
  4289 | D:5      | 4289 ||| FLEEEEING.
  4290 | D:5      | 4290 ||| FLEEEEING.
  4291 | D:5      | 4291 ||| FLEEEEING.
  4293 | D:5      | 4293 ||| FLEEEEING.
  4294 | D:5      | 4294 ||| FLEEEEING.
  4295 | D:5      | 4295 ||| FLEEEEING.
  4296 | D:5      | 4296 ||| FLEEEEING.
  4297 | D:5      | 4297 ||| STAIRDANCE
  4321 | D:4      | 4321 ||| READING 2 scrolls of identify.
  4321 | D:4      | 4321 ||| IDENTIFYING sedimented golden potion
  4322 | D:4      | 4322 ||| DROPPING potion of lignification.
  4326 | D:5      | 4326 ||| STAIRDANCE
  4334 | D:4      | Reached skill level 9 in Ranged Weapons
  4551 | D:5      | Reached XP level 8. HP: 68/68 MP: 2/8
  4566 | D:5      | Found a burning altar of Makhleb.
  4587 | D:5      | Noticed Prince Ribbit
  4601 | D:5      | 4601 ||| Stepping ~*~*~tactically~*~*~ (outnumbered).
  4602 | D:5      | HP: 9/68 [Prince Ribbit (11)]
  4603 | D:5      | 4603 ||| DRINKING potion of heal wounds.
  4603 | D:5      | Mangled by an orc

Levels and vault maps discovered:
D:1:      dpeg_arrival_connections, layout_loops_ring
D:2:      minmay_razor_zed, layout_basic, uniq_terence, uniq_crazy_yiuf_cottage
D:3:      layout_rooms, serial_park_tiny_2
D:4:      layout_basic, nicolae_uskayaw_dance_hall, palyth_stone_intersect
D:5:      layout_basic, tso_metal_star, lemuel_coloured_pillars_altar,
          uniq_prince_ribbit1, uniq_menkaure

Skill      XL: |  1  2  3  4  5  6  7 |
---------------+----------------------+-----
Ranged Weapons | 3 4 5 6 7 9 |  9.0
Fighting       | 2 3 4 5 |  5.0
Armour         | 1 |  1.0
Dodging        | |  2.8
Spellcasting   | |  1.0
Hexes          | |  2.0

Action                     |  1- 3 |  4- 6 |  7- 9 || total
---------------------------+-------+-------+-------++-------
   Fire: Sling             |   125 |    49 |       ||   174
         Orcbow            |       |   131 |    66 ||   197
    Use: Scroll            |     2 |    13 |     1 ||    16
         Potion            |       |       |     1 ||     1
 Armour: Robe              |     6 |     8 |       ||    14
         Ring mail         |       |    22 |    13 ||    35
  Dodge: Dodged            |    31 |    39 |    31 ||   101

Table legend:
 A = Non-vault XP
 B = Vault XP
 C = Vault XP percentage of total XP
 D = Non-vault monster count
 E = Vault monster count
 F = Vault count percentage of total count
                 A         B        C        D         E       F
            +---------+---------+-------+---------+---------+-------
      Total |    1226 |     224 |  15.4 |      98 |      13 |  11.7
            +---------+---------+-------+---------+---------+-------
        D:1 |      35 |       0 |   0.0 |      21 |       0 |   0.0
        D:2 |      60 |      52 |  46.4 |      27 |      12 |  30.8
        D:3 |      89 |       0 |   0.0 |      16 |       0 |   0.0
        D:4 |     489 |       0 |   0.0 |      18 |       0 |   0.0
        D:5 |     553 |     172 |  23.7 |      16 |       1 |   5.9
            +---------+---------+-------+---------+---------+-------
